 Dungeon Crawl Stone Soup version 0.29.1-12-g30fa7ad0bf (webtiles) character file.

Game seed: 3608281748456820825

148 IcyTea the Firebug (level 5, -7/29 HPs)
             Began as a Gargoyle Fire Elementalist on Dec 25, 2022.
             Mangled by a yak (12 damage)
             ... on level 4 of the Dungeon.
             The game lasted 00:10:45 (3082 turns).

IcyTea the Firebug (Gargoyle Fire Elementalist)     Turns: 3082, Time: 00:10:45

Health: -7/29      AC: 11    Str: 11    XL:     5   Next: 30%
Magic:  8/8        EV: 11    Int: 18    God:
Gold:   132        SH:  9    Dex: 10    Spells: 6/9 levels left

rFire   . . .      SeeInvis .   p - +1 flail
rCold   + . .      Faith    .   (no shield)
rNeg    + . .      Spirit   .   d - +0 leather armour
rPois   ∞          Reflect  +   u - +2 helmet
rElec   +          Harm     .   (no cloak)
rCorr   .          Rampage  .   h - +0 pair of gloves
Will    .....                   (no boots)
Stlth   ++........              l - amulet of reflection
HPRegen 0.09/turn               g - +4 ring of slaying
MPRegen 0.11/turn               (no ring)

@: about to teleport, hasted, invisible, very quick
A: sickness immunity, AC +4, negative energy resistance 1, electricity
resistance, torment resistance 1, petrification resistance, large bone plates 1,
cold resistance 1
a: no special abilities


You were on level 4 of the Dungeon.
You visited 1 branch of the dungeon, and saw 4 of its levels.

You collected 132 gold pieces.

Inventory:

Hand Weapons
 p - a +1 flail (weapon)
Missiles
 w - 4 poisoned darts
Armour
 d - a +0 leather armour (worn)
 h - a +0 pair of gloves (worn)
 u - a +2 helmet (worn)
Jewellery
 g - a +4 ring of slaying (left hand)
 l - an amulet of reflection (around neck)
Wands
 t - a wand of charming (12)
Scrolls
 a - a scroll of immolation
 i - a scroll of fear
 j - a scroll of vulnerability
 q - a scroll of magic mapping
Potions
 b - a potion of magic
 e - a potion of cancellation {unknown}
 m - a potion of haste


   Skills:
 + Level 1.5 Fighting
 + Level 1.1 Maces & Flails
 + Level 1.7 Armour
 + Level 2.1 Dodging
 - Level 3.0 Stealth
 + Level 2.5 Spellcasting
 + Level 2.1 Conjurations
 + Level 3.4 Fire Magic


You had 6 spell levels left.
You knew the following spells:

 Your Spells              Type           Power      Damage    Failure   Level
a - Foxfire               Conj/Fire      48%        2x1d6     7%          1
b - Scorch                Fire           28%        2d6       9%          2

Your spell library contained the following spells:

 Spells                   Type           Power      Damage    Failure   Level
 Conjure Flame            Conj/Fire      12%        6-21      22%         3
 Inner Flame              Hex/Fire       8%         N/A       32%         3
 Flame Wave               Conj/Fire      12%        2d6       56%         4
 Hailstorm                Conj/Ice       6%         3d4       82%         4
 Ice Form                 Ice/Tmut       2%         N/A       92%         4
 Simulacrum               Ice/Necr       1%         N/A       100%        6


Dungeon Overview and Level Annotations

Branches:
Dungeon (4/15)
 Temple: D:4-7

Altars:

Shops:
D:2 [


Innate Abilities, Weirdness & Mutations

You are immune to sickness and miasma.
Your stone body is resilient. (AC +4)
You are immune to poison.
You resist negative energy. (rN+)
You are resistant to electric shocks. (rElec)
You are resistant to unholy torment.
You are immune to petrification.
You are partially covered in large bone plates. (SH +4)
Your flesh is cold resistant. (rC+)


Message History

You barely miss the yak. The yak closely misses you.
You barely miss the yak. The yak gores you!
You sock the goblin!
You kill the goblin!
Things that are here:
a +0 dagger; a goblin corpse You hit the yak.
The yak is lightly wounded.
The yak gores you but does no damage.
You hit the yak.
The yak is lightly wounded.
The yak gores you.
You sock the yak!
The yak is heavily wounded.
You block the yak's attack.
Magic scrolls do not work when you're silenced!
You hit the yak but do no damage.
The yak is heavily wounded.
Your hearing returns.
The yak gores you but does no damage.
You barely miss the yak.
The yak is heavily wounded.
As you read the scroll labelled ICEROMM BETAGO, it crumbles to dust.
You hear a loud clanging noise!
It was a scroll of noise.
You hear a shout!
You block the yak's attack.
As you read the scroll labelled OKHESU BADYUS, it crumbles to dust.
You feel strangely unstable.
It was a scroll of teleportation.
The yak closely misses you. The yak gores you.
* * * LOW HITPOINT WARNING * * *
It was a potion of mutation.
You feel extremely strange.
You feel resistant to cold.
Large bone plates grow over parts of your arms.
It was a potion of curing.
You feel better. The yak gores you!
* * * LOW HITPOINT WARNING * * *
It was a potion of invisibility.
You fade into invisibility!
The yak gores you!
You die...

#........#.........######.#**,**
#........######.<#.#*####.* *,,,
#........############....,* ****
#........#.....Y.Y.#...#*******,
#.......##.#######.#...# *,,,+
#.......##.....###.#...# *,,,,
#.......######.#.......# *,_,,
###.........##Y#Y#.##### *,,,)
#.....#####.##Y@.#Y...# *,,,.
#.....# #.#####.....# ***.#
#.....# #.....'§....# ####..
#.....# #########§...######)#.#.
#.)...###....)....§§...§Y.).....
#.......#.##############g##.#.#.
###'#..##.##### #........
#.............# ##.#.#.#.
#.###.###.....# #.......


You could see 3 yaks.

Vanquished Creatures
  A necrophage (D:4)
  2 adders (D:3)
  2 orcs
  2 endoplasms
  8 giant cockroaches
  9 goblins
  5 hobgoblins
  3 jackals (D:1)
  3 quokkas
  10 ball pythons
  2 bats (D:1)
  4 frilled lizards (D:1)
  3 kobolds (D:1)
  6 rats
60 creatures vanquished.

Vanquished Creatures (others)
  53 foxfires
53 creatures vanquished.

Grand Total: 113 creatures vanquished

Notes
Turn   | Place    | Note
-------+----------+-------------------------------------------
     0 | D:1      | IcyTea the Gargoyle Fire Elementalist began the quest for
                  | the Orb.
     0 | D:1      | Reached XP level 1. HP: 10/10 MP: 3/3
   321 | D:1      | Reached XP level 2. HP: 13/16 MP: 3/5
   683 | D:1      | Reached XP level 3. HP: 20/20 MP: 4/6
   722 | D:1      | Learned a level 2 spell: Scorch
  1597 | D:2      | Reached skill level 1 in Fighting
  1670 | D:2      | Found Umuth's Armour Emporium.
  2004 | D:3      | Reached skill level 1 in Armour
  2004 | D:3      | Reached XP level 4. HP: 25/25 MP: 4/7
  2067 | D:3      | Found a faded altar of an unknown god.
  2766 | D:4      | Noticed a necrophage
  2777 | D:4      | Killed a necrophage
  2778 | D:4      | Reached skill level 1 in Maces & Flails
  2778 | D:4      | Reached XP level 5. HP: 24/29 MP: 1/8
  3027 | D:4      | Noticed a yak
  3027 | D:4      | Noticed a yak
  3028 | D:4      | Noticed a yak
  3080 | D:4      | Gained mutation: Your flesh is cold resistant. (rC+)
                  | [potion of mutation]
  3080 | D:4      | Gained mutation: You are partially covered in large bone
                  | plates. (SH +4) [potion of mutation]
  3082 | D:4      | Mangled by a yak

Illustrated notes

Levels and vault maps discovered:
D:1:      dpeg_arrival_rooms_c, layout_loops_ring, serial_park_tiny_2,
          minmay_misc_feat_cross
D:2:      minmay_spotlight, layout_loops_cross, serial_shops, shop
D:3:      layout_loops_corners, hellmonk_ecumenical_altar_heavens_door
D:4:      layout_basic, bloody_makhleb, st_stairs_12

Skill      XL: |  1  2  3  4 |
---------------+-------------+-----
Fighting       | 1 |  1.5
Armour         | 1 |  1.7
Conjurations   | 2 |  2.1
Maces & Flails | 1 |  1.1
Dodging        | 2 |  2.1
Stealth        | 3 |  3.0
Spellcasting   | |  2.5
Fire Magic     | |  3.4

Action                   |  1- 3 |  4- 6 || total
-------------------------+-------+-------++-------
Melee: Unarmed           |     9 |       ||     9
       Club              |    59 |       ||    59
       Punch             |     1 |       ||     1
       Flail             |     4 |    38 ||    42
 Cast: Foxfire           |    36 |     1 ||    37
       Scorch            |       |     5 ||     5
  Use: Scroll            |     3 |     6 ||     9
       Potion            |       |     4 ||     4
 Stab: Sleeping          |     2 |     1 ||     3
Armor: Robe              |     9 |       ||     9
       Leather armour    |    30 |    14 ||    44
       Skin              |     1 |       ||     1
Dodge: Dodged            |    56 |    15 ||    71
Block: Other             |     8 |    13 ||    21
